cohdb
Replays
Latest Replays
All Replays
Popular Replays
Top Player Replays
Match Explorer
How It Works
Community
CoH3 Stats
Reddit
Sign in to upload your games and track your stats! →
Sign in with Steam
Match 43493374
Unlisted
Match 43493374
Overview
Messages
Build Orders
End
Panzergrenadier Squad
Selects Panzerjäger Kommand Battlegroup
Selects Mine Fields
Panzerpioneer Squad
250 Light Carrier
Construct Light Support Kompanie
Combat Half-tracks
Selects GrB 39 Grenade Launcher Requisition
Construct Mechanized Kompanie
Assault Grenadier Squad
Support Armor Elements
Panzerjäger Mechanized Group
StuG III D Assault Gun
Emergency Repair Kits
Marder III Tank Destroyer
Marder III Tank Destroyer
Vehicle Survival Package
Symbiosis
CAuMOH
DebaKLe
Bego
0
0
Comments
sign in to comment!
No comments posted yet!